Map: Blackburn LE

Players

Hellraiser - Winner!

  • Race: Protoss Protoss

SortOf

  • Race: Zerg Zerg

Event: DreamHack SC2 Masters 2021 Winter

VOD

Have the link to the VOD?

Description

Time

  • Played on: Oct. 10, 2021, 1:27 p.m.
  • Length: 10:42

All games in this series

Show
View Real Time Build Order
Export as new Build Order

Hellraiser Protoss - Winner!

Build Orders: 1 Gate Expand, Oracle Opening 

Get SALT Encoding   

  12  0:00  Probe  
  13  0:12  Probe  
  14  0:19  Pylon  
  14  0:24  Probe  
  15  0:37  Probe (Chrono Boost)  
  15  0:38  Gateway  
  16  0:46  Probe (Chrono Boost)  
  16  0:47  Assimilator  
  17  0:52  Probe  
  18  1:04  Probe  
  19  1:16  Probe  
  20  1:25  Nexus  
  20  1:35  Cybernetics Core  
  20  1:38  Probe  
  21  1:45  Assimilator  
  21  1:50  Probe  
  22  1:54  Pylon  
  22  2:02  Probe (Chrono Boost)  
  23  2:12  Stalker  
  23  2:14  Probe (Chrono Boost)  
  26  2:19  Stargate  
  26  2:20  Probe (Chrono Boost)  
  28  2:30  Probe (Chrono Boost), Warp Gate  
  28  2:39  Probe x2 (Chrono Boost)  
  28  2:42  Adept  
  32  2:47  Probe (Chrono Boost)  
  32  2:48  Probe (Chrono Boost)  
  34  2:53  Probe  
  34  2:54  Void Ray (Chrono Boost)  
  34  2:56  Probe  
  40  3:06  Probe  
  40  3:08  Probe  
  40  3:10  Pylon  
  42  3:18  Gateway  
  42  3:19  Probe  
  43  3:21  Probe  
  44  3:30  Oracle  
  44  3:31  Probe  
  44  3:33  Probe  
  49  3:46  Nexus  
  50  3:48  Probe  
  50  3:50  Probe  
  51  3:56  Pylon  
  51  4:01  Assimilator x2  
  53  4:11  Pylon  
  53  4:12  Fleet Beacon  
  53  4:14  Probe  
  53  4:16  Probe  
  53  4:26  Probe (Chrono Boost)  
  54  4:32  Probe (Chrono Boost), Stargate  
  55  4:40  Shield Battery  
  55  4:43  Forge  
  55  4:44  Probe (Chrono Boost)  
  55  4:45  Probe (Chrono Boost)  
  57  4:50  Probe (Chrono Boost)  
  57  4:51  Probe (Chrono Boost)  
  59  4:58  Tempest (Chrono Boost)  
  59  4:59  Probe  
  65  5:00  Probe  
  65  5:02  Probe  
  67  5:08  Assimilator  
  67  5:11  Probe  
  67  5:12  Probe  
  69  5:15  Probe  
  69  5:20  Tempest (Chrono Boost)  
  75  5:21  Assimilator  
  75  5:23  Probe  
  75  5:24  Probe  
  75  5:27  Probe  
  78  5:31  Tempest (Chrono Boost)  
  78  5:32  Pylon  
  83  5:36  Probe x2  
  85  5:45  Shield Battery  
  85  5:48  Pylon  
  85  5:49  Photon Cannon  
  85  5:51  Pylon  
  90  5:59  Tempest (Chrono Boost)  
  90  6:04  Pylon  
  90  6:05  Tempest (Chrono Boost)  
  90  6:08  Probe x3  
  98  6:20  Probe  
  98  6:23  Probe x2  
  101  6:31  Void Ray (Chrono Boost)  
  101  6:32  Probe  
  102  6:34  Void Ray (Chrono Boost), Nexus  
  102  6:38  Protoss Air Weapons Level 1  
  110  6:45  Probe  
  111  6:51  Probe, Unknown  
  111  6:53  Flux Vanes  
  112  6:54  Protoss Ground Weapons Level 1  
  112  6:57  Twilight Council  
  112  7:04  Probe  
  112  7:06  Probe  
  112  7:07  Probe  
  115  7:12  Pylon  
  115  7:14  Pylon  
  115  7:16  Pylon  
  115  7:20  Pylon  
  115  7:23  Pylon  
  115  7:26  Gateway  
  115  7:29  Gateway  
  115  7:31  Void Ray (Chrono Boost)  
  115  7:32  Gateway, Void Ray (Chrono Boost)  
  115  7:34  Gateway  
  123  7:38  Probe x2  
  123  7:39  Charge (Chrono Boost)  
  123  7:43  Gateway  
  123  7:44  Zealot x2  
  129  7:45  Gateway  
  123  7:54  Probe  
  123  7:56  Void Ray (Chrono Boost)  
  123  7:57  Void Ray (Chrono Boost), Probe  
  123  7:58  Probe  
  122  8:02  Probe  
  122  8:04  Zealot x2  
  129  8:07  Probe  
  129  8:13  Probe, Shield Battery  
  129  8:14  Photon Cannon  
  129  8:17  Probe  
  131  8:20  Probe  
  131  8:26  Robotics Facility, Probe  
  133  8:31  Templar Archives  
  133  8:34  Probe x3  
  133  8:39  Void Ray  
  133  8:40  Void Ray, Assimilator  
  136  8:44  Assimilator  
  136  8:45  Pylon  
  136  8:47  Zealot x3  
  150  8:51  Templar Archives  
  150  8:57  Pylon  
  150  8:58  Pylon  
  150  9:05  Gateway  
  150  9:07  Gateway  
  150  9:09  High Templar x4  
  158  9:10  Zealot x3  
  158  9:11  Zealot  
  158  9:12  Warp Prism (Chrono Boost)  
  158  9:15  Archon x2  
  168  9:33  Zealot x4  
  176  9:41  Zealot  
  176  9:42  Zealot x3  
  184  9:57  Void Ray  
  184  9:58  Void Ray, Probe  
  177  10:02  Probe  
  168  10:07  Zealot x10  
  168  10:13  Probe  
  181  10:17  Nexus  
  181  10:19  Pylon  
  181  10:20  Probe  
  174  10:25  Probe  
  154  10:36  Stalker x10  
Show
View Real Time Build Order
Export as new Build Order

SortOf Zerg 

Build Orders: Hatch First, Brood Lord Corruptor 

Get SALT Encoding   

  12  0:00  Drone  
  13  0:12  Overlord  
  13  0:16  Drone  
  14  0:30  Drone x2  
  16  0:48  Hatchery  
  15  0:51  Drone  
  15  0:55  Drone  
  17  0:58  Drone  
  18  1:13  Spawning Pool  
  18  1:15  Drone  
  18  1:19  Extractor  
  18  1:20  Drone  
  18  1:29  Drone  
  19  1:39  Drone  
  20  1:50  Overlord  
  20  2:00  Queen  
  22  2:02  Zergling x2, Queen  
  22  2:03  Drone  
  26  2:11  Drone  
  26  2:14  Drone  
  28  2:22  Drone x2  
  30  2:23  Metabolic Boost  
  30  2:33  Drone x2  
  30  2:36  Queen  
  34  2:49  Hatchery  
  33  2:51  Overlord  
  33  2:54  Drone  
  33  2:56  Drone  
  35  3:00  Drone  
  36  3:09  Queen  
  36  3:11  Drone x2  
  40  3:15  Drone x3  
  43  3:21  Drone  
  43  3:23  Spore Crawler  
  43  3:26  Overlord  
  43  3:35  Overlord  
  43  3:38  Overlord  
  43  3:39  Drone  
  44  3:53  Queen x2  
  44  3:55  Drone x4  
  52  3:58  Drone x3  
  55  4:04  Overlord  
  55  4:05  Zergling x4  
  55  4:06  Queen  
  58  4:14  Drone x2  
  58  4:15  Spore Crawler  
  59  4:20  Drone x2  
  59  4:22  Overlord  
  59  4:23  Drone x2  
  63  4:31  Drone, Roach Warren  
  61  4:34  Drone x2  
  61  4:35  Drone  
  65  4:39  Drone x3  
  65  4:40  Extractor  
  65  4:42  Extractor  
  65  4:44  Drone, Overlord  
  67  4:50  Lair  
  67  4:51  Drone x2  
  69  4:53  Drone  
  69  4:56  Drone x3  
  73  5:02  Overlord  
  73  5:09  Queen x2  
  73  5:12  Drone x3  
  79  5:14  Overlord  
  79  5:17  Drone  
  79  5:20  Drone x2, Overlord  
  82  5:30  Roach x3  
  82  5:31  Hatchery  
  87  5:36  Roach x3  
  87  5:37  Extractor  
  87  5:39  Drone x3, Extractor  
  87  5:40  Drone  
  95  5:43  Extractor  
  95  5:44  Drone x3  
  95  5:47  Overlord  
  95  5:48  Glial Reconstitution  
  97  5:53  Drone x4  
  100  6:00  Spire  
  100  6:03  Evolution Chamber  
  98  6:06  Drone x2  
  98  6:09  Infestation Pit  
  98  6:10  Overlord  
  99  6:14  Queen x2  
  103  6:19  Spore Crawler  
  103  6:22  Zergling x2  
  103  6:23  Zergling x6  
  106  6:26  Drone x6  
  112  6:33  Drone  
  112  6:34  Spore Crawler  
  112  6:36  Zerg Ground Armor Level 1  
  112  6:37  Drone x2  
  114  6:44  Extractor  
  114  6:45  Drone x5, Extractor  
  117  6:50  Drone x5  
  119  7:17  Corruptor x5  
  119  7:20  Hive  
  129  7:23  Hatchery  
  128  7:32  Hatchery  
  128  7:36  Corruptor  
  127  7:50  Drone x4  
  129  7:56  Corruptor  
  126  8:06  Drone x6  
  126  8:09  Overlord  
  124  8:13  Overlord  
  124  8:18  Spore Crawler  
  124  8:19  Hatchery  
  122  8:22  Evolution Chamber  
  122  8:23  Queen x2, Baneling Nest  
  118  8:31  Drone  
  118  8:33  Greater Spire  
  118  8:34  Viper x3  
  128  8:42  Corruptor x6  
  128  8:48  Extractor  
  139  8:52  Spore Crawler  
  139  8:54  Zergling x6  
  141  9:03  Overlord  
  141  9:07  Zergling x10  
  146  9:10  Overseer  
  146  9:20  Drone x3, Extractor  
  146  9:21  Extractor  
  146  9:22  Spore Crawler  
  146  9:24  Drone x6, Spore Crawler x2  
  145  9:25  Spore Crawler x2  
  145  9:27  Spore Crawler  
  145  9:29  Pathogen Glands, Spore Crawler x2  
  145  9:36  Drone x2  
  145  9:37  Drone x3  
  145  9:38  Drone  
  151  9:46  Brood Lord x6  
  151  9:48  Zergling x4  
  165  9:59  Corruptor x2  
  154  10:01  Queen  
  154  10:03  Zergling x12  
  154  10:05  Corruptor  
  147  10:11  Corruptor x3  
  140  10:20  Drone x5  
  125  10:28  Drone x3  

Tags
 
Add a new tag
Caveats
  • Supply blocks, unpowered buildings, or Contaminate may cause inaccurate times.
  • Supply counts are checked every 10 seconds.